 Dungeon Crawl Stone Soup version 0.28-a0-697-g47f3eba078 (webtiles) character file.

Game seed: 14891324729793449853

7385 Barbarella the Unseen (level 11, -4/62 HPs)
             Began as a Kobold Enchanter on Oct 23, 2021.
             Was a Follower of Dithmenos.
             Killed from afar by an ogre mage (8 damage)
             ... with a bolt of magma
             ... while paralysed by an ogre mage
             ... on level 8 of the Dungeon on Oct 24, 2021.
             The game lasted 00:53:51 (11172 turns).

Barbarella the Unseen (Kobold Enchanter)           Turns: 11172, Time: 00:53:52

Health: -4/62      AC:  9    Str:  5    XL:     11   Next: 36%
Magic:  7/18       EV:  3    Int: 16    God:    Dithmenos [*.....]
Gold:   371        SH:  0    Dex: 20    Spells: 15/20 levels left

rFire   . . .      SeeInvis .   a - +4 dagger (freeze)
rCold   . . .      Faith    .   (shield restricted)
rNeg    . . .      Spirit   .   x - +0 steam dragon scales
rPois   .          Reflect  .   (no helmet)
rElec   .          Harm     .   s - +2 cloak
rCorr   .          Rampage  .   m - +0 pair of gloves
Will    .....                   (no boots)
Stlth   +++++++++.              p - amulet of regeneration
HPRegen 1.20/turn               n - ring of flight
MPRegen 0.16/turn               (no ring)

@: paralysed, flying, wreathed by umbra, studying Axes
A: small, no large weapons, nightstalker 3
a: Renounce Religion


You were on level 8 of the Dungeon.
You worshipped Dithmenos.
Dithmenos was aware of your devotion.
You visited 2 branches of the dungeon, and saw 9 of its levels.
You also visited: Sewer.

You collected 371 gold pieces.

Inventory:

Hand Weapons
 a - a +4 dagger of freezing (weapon)
 u - a +2 dagger
Missiles
 h - 70 poisoned darts (quivered)
Armour
 b - a +0 pair of boots
 m - a +0 pair of gloves (worn)
 s - a +2 cloak (worn)
 x - +0 steam dragon scales (worn)
Jewellery
 n - a ring of flight (left hand)
 p - an amulet of regeneration (around neck)
Wands
 v - a wand of iceblast (5)
 y - a wand of polymorph (4)
 z - a wand of acid (9)
Scrolls
 i - 5 scrolls of identify
 j - a scroll of teleportation
 l - a scroll of fog
 q - a scroll of fear
 r - a scroll of magic mapping
 t - 2 scrolls of amnesia
 A - a scroll of vulnerability {unknown}
Potions
 c - a potion of invisibility
 d - a potion of might
 e - a potion of haste
 f - 3 potions of lignification
 g - 2 potions of curing {unknown}
 k - 2 potions of heal wounds
 o - 2 potions of degeneration
 w - a potion of flight {unknown}


   Skills:
 + Level 4.7 Fighting
 - Level 11.7 Short Blades
 + Level 10.3 Dodging
 - Level 15.3 Stealth
 + Level 5.0 Spellcasting
 + Level 5.4 Hexes


You had 15 spell levels left.
You knew the following spells:

 Your Spells              Type           Power      Damage    Failure   Level
a - Ensorcelled Hibernat  Hex/Ice        24%        N/A       8%          2
b - Confusing Touch       Hex            21%        N/A       4%          3

Your spell library contained the following spells:

 Spells                   Type           Power      Damage    Failure   Level
 Tukima's Dance           Hex            21%        N/A       4%          3
 Freeze                   Ice            16%        1d4       16%         1
 Summon Small Mammal      Summ           16%        N/A       16%         1
 Dazzling Flash           Conj/Hex       24%        N/A       16%         3
 Summon Guardian Golem    Hex/Summ       12%        N/A       16%         3
 Blink                    Tloc           N/A        N/A       22%         2
 Call Canine Familiar     Summ           4%         N/A       41%         3
 Frozen Ramparts          Ice            8%         1d2       41%         3
 Lesser Beckoning         Tloc           4%         N/A       41%         3
 Hailstorm                Conj/Ice       4%         3d4       83%         4
 Ice Form                 Ice/Tmut       4%         N/A       83%         4
 Summon Ice Beast         Ice/Summ       4%         N/A       83%         4
 Manifold Assault         Tloc           4%         N/A       99%         5


Dungeon Overview and Level Annotations

Branches:
Dungeon (8/15)             Temple (1/1) D:6           Sewer (visited)
   Lair: D:8-11

Altars:
Ashenzari
Cheibriados
Dithmenos
Elyvilon
Fedhas
Gozag
Hepliaklqana
Kikubaaqudgha
Makhleb
Nemelex Xobeh
Okawaru
Qazlal
Ru
Sif Muna
Trog
Uskayaw
Vehumet
Wu Jian
Xom
Yredelemnul
Zin
The Shining One

Shops:
D:3 *


Innate Abilities, Weirdness & Mutations

You are small and have problems with some larger weapons.
You are completely attuned to the shadows.


Message History

You hit something but do no damage. Something closely misses you.
You hit something but do no damage. You hit something but do no damage.
Something misses you.
You hit something but do no damage. You barely miss something.
Something hits you.
You hit something but do no damage. You hit something but do no damage.
You hear some strange, mumbled words.
A bolt of magma appears from out of thin air!
The bolt of magma misses you.
You hit something but do no damage. You barely miss something.
Something hits you.
You hit something but do no damage. You hit something but do no damage.
Something misses you.
You hit something but do no damage. You hit something but do no damage.
You hear some strange, mumbled words.
A bolt of magma appears from out of thin air!
The bolt of magma hits you!!
* * * LOW HITPOINT WARNING * * *
You hit something but do no damage.
You feel much better. Something hits you!
Okay, then.
Something hits you!
* * * LOW HITPOINT WARNING * * *
You hear some strange, mumbled words.
You suddenly lose the ability to move!
Something hits you!
* * * LOW HITPOINT WARNING * * *
Something hits you.
* * * LOW HITPOINT WARNING * * *
Something hits you!
* * * LOW HITPOINT WARNING * * *
Your hands stop glowing.
You hear some strange, mumbled words.
Something tries to affect you, but you resist.
You hear some strange, mumbled words.
A bolt of magma appears from out of thin air!
The bolt of magma hits you!
You die...

######## ####...#
#......##### #...##.#
#..........# #......#
#......)...# #...##.#
#.....)∩)..# ###.#..#
#####......)...########....#
#..........................#
#.....###.{........#######.#
#.....# #..@.............#.#
#.....# #........#D#####.#.#
#.....# #...<....#.#...#.#..
#.....# #........#.......#..
#.....# #######....#..#....#
####### #..#....#.#...
###..#.##.#.#.##
#....#....#...#
#.##.##..######


There were no monsters in sight!

Vanquished Creatures
  A centaur warrior (D:8)
  2 two-headed ogres
  A basilisk (D:8)
  2 steam dragons
  A vampire mosquito (D:8)
  Edmund (D:5)
  2 water moccasins (D:8)
  4 orc warriors
  3 ice beasts
  2 black bears
  2 necrophages
  A centaur (D:8)
  2 ogres
  Blork the orc (D:5)
  2 kobold brigands (Sewer)
  6 bullfrogs
  A gnoll sergeant (D:8)
  5 scorpions
  2 wyvern skeletons (D:6)
  3 jellies
  4 wights
  3 howler monkeys
  A bullfrog zombie (D:7)
  3 hounds
  2 orc priests (D:7)
  Crazy Yiuf (D:7)
  3 iguanas
  2 bullfrog skeletons
  A gnoll shaman (D:8)
  7 orc wizards
  A hound skeleton (D:4)
  A howler monkey zombie (D:8)
  A howler monkey skeleton (D:7)
  9 adders
  4 gnolls (D:8)
  A river rat (Sewer)
  A shadow imp (D:5)
  3 white imps
  4 ufetubi
  2 worms
  3 dart slugs
  24 orcs
  8 endoplasms
  5 giant cockroaches
  8 hobgoblins
  3 jackals (D:4)
  A quokka (D:1)
  4 ball pythons
  5 bats
  6 frilled lizards
  7 goblins
  13 kobolds
  4 rats
189 creatures vanquished.

Vanquished Creatures (others)
  A gnoll (D:8)
1 creature vanquished.

Grand Total: 190 creatures vanquished

Notes
Turn   | Place    | Note
-------+----------+-------------------------------------------
     0 | D:1      | Barbarella the Kobold Enchanter began the quest for the
                  | Orb.
     0 | D:1      | Reached XP level 1. HP: 10/10 MP: 3/3
    80 | D:1      | Reached XP level 2. HP: 15/15 MP: 5/5
    83 | D:1      | Learned a level 2 spell: Ensorcelled Hibernation
   189 | D:1      | Reached skill level 5 in Stealth
   265 | D:1      | Reached XP level 3. HP: 19/19 MP: 6/6
  1280 | D:2      | Reached XP level 4. HP: 23/24 MP: 0/7
  1355 | D:2      | Reached skill level 6 in Stealth
  1394 | D:2      | Noticed an eye of devastation
  1395 | D:2      | Found a faded altar of an unknown god.
  1395 | D:2      | Noticed a shining eye
  1400 | D:2      | Noticed a shining eye
  1400 | D:2      | Noticed a great orb of eyes
  1883 | D:3      | Found Naesuim's General Store.
  2546 | D:4      | Reached XP level 5. HP: 28/28 MP: 8/8
  2722 | D:4      | Reached skill level 7 in Stealth
  2937 | D:4      | Reached skill level 8 in Stealth
  2937 | D:4      | Reached XP level 6. HP: 32/32 MP: 9/9
  3210 | D:4      | Found a glowing drain.
  3217 | Sewer    | Entered a sewer
  3416 | Sewer    | Reached skill level 5 in Short Blades
  3416 | Sewer    | Reached XP level 7. HP: 36/36 MP: 10/10
  3425 | Sewer    | Reached skill level 9 in Stealth
  4136 | D:5      | Entered Level 5 of the Dungeon
  4337 | D:5      | Reached skill level 10 in Stealth
  4816 | D:5      | Reached XP level 8. HP: 41/41 MP: 8/11
  5063 | D:5      | Noticed Blork the orc
  5076 | D:5      | Killed Blork the orc
  5086 | D:5      | Noticed Edmund
  5256 | D:5      | Found a bloodstained altar of Trog.
  5363 | D:4      | Reached skill level 11 in Stealth
  5550 | D:5      | Killed Edmund
  5920 | D:5      | Reached skill level 12 in Stealth
  6366 | D:6      | Noticed a two-headed ogre
  6439 | D:5      | Reached skill level 15 in Stealth
  6439 | D:5      | Reached XP level 9. HP: 45/45 MP: 12/12
  6532 | D:6      | Identified the +4 ring mail "Suiset" {rF- rN++ Str+2 Dex+2}
  6615 | D:6      | Killed a two-headed ogre
  6616 | D:6      | Reached skill level 1 in Fighting
  6616 | D:6      | Reached XP level 10. HP: 42/53 MP: 10/14
  7286 | D:6      | Found a staircase to the Ecumenical Temple.
  7325 | Temple   | Entered the Ecumenical Temple
  7572 | Temple   | Became a worshipper of Dithmenos the Shadowed
  8242 | D:6      | Learned a level 3 spell: Confusing Touch
  8853 | D:7      | Found a runed translucent door.
  8856 | D:7      | Noticed Crazy Yiuf
  8861 | D:7      | Killed Crazy Yiuf
  9471 | D:8      | Reached * piety under Dithmenos
  9570 | D:8      | Noticed a two-headed ogre
  9574 | D:8      | Killed a two-headed ogre
  9593 | D:8      | Reached XP level 11. HP: 60/60 MP: 13/17
  9847 | D:8      | Noticed an ogre mage
  9849 | D:8      | Noticed a four-headed hydra
  9850 | D:8      | Noticed a two-headed ogre
  9866 | D:8      | Noticed a cyclops
  9866 | D:8      | Noticed a centaur warrior
  9866 | D:8      | Noticed a centaur warrior
 10309 | D:8      | Reached skill level 10 in Dodging
 10309 | D:8      | Reached skill level 5 in Hexes
 10352 | D:8      | Killed a centaur warrior
 10786 | D:8      | Reached skill level 5 in Spellcasting
 11167 | D:8      | Paralysed by something for 7 turns
 11170 | D:8      | HP: 1/62 [something (8)]
 11172 | D:8      | Killed from afar by an ogre mage

Illustrated notes

Levels and vault maps discovered:
D:1:      dpeg_arrival_rhombus, layout_basic
D:2:      layout_rooms, hellmonk_ecumenical_altar_watching_god,
          chequers_serial_rivers_large_a, amcnicky_mini_rare_corridor_liquid
D:3:      layout_loops_cross, serial_shops, shop, minmay_misc_feat_hallway
D:4:      layout_loops_corners, cheibrodos_sewer_entry_drain
D:5:      black_bear_nest_2, layout_gridville, lemuel_doored_altar,
          uniq_blork_the_orc, uniq_edmund
D:6:      layout_loops_ring, minmay_temple_entry_glassed_door,
          hangedman_decor_slide_cut, minmay_manual_mail
D:7:      minmay_evil_eye, layout_rooms, eino_curves_04, grunt_ministairs_4,
          amethyst_killhole, uniq_crazy_yiuf_cottage
D:8:      nzn_winding_woodlands_large [nzn_winding_woodlands_5x5_default,
          nzn_winding_woodlands_5x15_concentric,
          nzn_winding_woodlands_5x5_three,
          nzn_winding_woodlands_center_pierced_h,
          nzn_winding_woodlands_15x15_killbox,
          nzn_winding_woodlands_center_triple_pond,
          nzn_winding_woodlands_5x5_cross, nzn_winding_woodlands_5x15_sawtooth,
          nzn_winding_woodlands_hourglass], layout_basic, enter_bailey_2
Temple:   kilobyte_greek_temple

Skill      XL: |  1  2  3  4  5  6  7  8  9 10 11 |
---------------+----------------------------------+-----
Short Blades   | 2 3 4 5 6 11 | 11.7
Stealth        | 5 6 8 10 15 | 15.3
Dodging        | 8 9 10 | 10.3
Fighting       | 1 3 4 |  4.7
Spellcasting   | 4 5 |  5.0
Hexes          | 4 5 |  5.4

Action                   |  1- 3 |  4- 6 |  7- 9 | 10-12 || total
-------------------------+-------+-------+-------+-------++-------
Melee: Dagger            |    90 |    63 |   170 |   410 ||   733
 Cast: Ensorcelled Hiber |    11 |    14 |    57 |   106 ||   188
       Confusing Touch   |       |       |       |    14 ||    14
  Use: Scroll            |       |       |    13 |     3 ||    16
       Potion            |       |       |     5 |     3 ||     8
 Stab: Sleeping          |    25 |    27 |    28 |    56 ||   136
       Distracted        |       |     1 |       |     1 ||     2
       Confused          |       |       |       |     7 ||     7
Armor: Robe              |    12 |     3 |    15 |     9 ||    39
       Steam dragon scal |       |       |       |    28 ||    28
Dodge: Dodged            |    58 |    25 |   152 |   245 ||   480

Table legend: (Time is in decaauts)
 A = Elapsed time spent in this place.
 B = Non-inter-level travel time spent in this place.
 C = Inter-level travel time spent in this place.
 D = Time resting spent in this place.
 E = Time spent auto-exploring this place.
 F = Levels seen in this place.
 G = Mean time per level.
                   A        B        C        D        E       F      G
               +--------+--------+--------+--------+--------+-----+--------+
         Total |  10976 |  10412 |    564 |   1919 |   5875 |  10 | 1097.6 |
       Dungeon |  10018 |   9503 |    515 |   1689 |   5488 |   8 | 1252.2 |
        Temple |    336 |    287 |     49 |      0 |    212 |   1 |  336.0 |
         Sewer |    621 |    621 |      0 |    230 |    175 |   1 |  621.0 |
               +--------+--------+--------+--------+--------+-----+--------+

Top non-repeatable levels by time:
     D:5: 1875 daAuts
     D:8: 1665 daAuts
     D:6: 1446 daAuts
     D:4: 1232 daAuts
     D:7: 1152 daAuts
     D:1: 963 daAuts
     D:2: 959 daAuts
     D:3: 722 daAuts
   Sewer: 621 daAuts
  Temple: 336 daAuts
